 Dungeon Crawl Stone Soup version 0.30-a0-778-g2ef04afb54 (webtiles) character file.

Game seed: 8129423867657197573

354958 dolemite99 the Warrior (level 23, -14/160 HPs)
             Began as a Djinni Conjurer on Feb 17, 2023.
             Was an Elder of Hepliaklqana.
             Demolished by Mennas
             ... wielding a +4 eudemon blade of holy wrath
              (18 damage)
             ... on level 3 of the Depths.
             The game lasted 02:27:38 (88349 turns).

dolemite99 the Warrior (Djinni Conjurer)           Turns: 88349, Time: 02:27:38

Health: -14/160    AC: 13    Str:  4    XL:     23   Next: 70%
Gold:   1994       EV: 19    Int: 29    God:    Hepliaklqana [****..] SH: 10 Dex: 14

rFire   + + .      SeeInvis +    a - staff of conjuration
rCold   . . .      Faith    .    y - +0 buckler
rNeg    . . .      Spirit   .    n - +2 robe {Will+}
rPois   ∞          Reflect  +    e - +2 hat {SInv}
rElec   .          Harm     .    h - scarf {repulsion}
rCorr   .          Rampage  .    K - +2 pair of gloves
Will    +++..                    (boots unavailable)
Stlth   ++                       g - amulet of reflection
HPRegen 0.46/turn                o - ring of protection from cold
MPRegen 0.00/turn                x - +4 ring of protection

@: flying, glowing, silenced, repel missiles
A: reduced essence, sickness immunity, fire resistance 2, cold vulnerability 1,
float, innate caster, HP casting, extra vitality 1, weak 1
}: 1/15 runes: decaying
a: Renounce Religion


You were on level 3 of the Depths.
You worshipped Hepliaklqana.
Hepliaklqana was greatly pleased with you.
You visited 9 branches of the dungeon, and saw 40 of its levels.
You visited 1 bazaar.

You collected 5075 gold pieces.
You spent 3081 gold pieces at shops.

Inventory:

Hand Weapons
 i - a +2 scimitar of flaming
 S - a +5 vampiric scimitar
Missiles
 f - 50 poisoned darts
 I - 11 curare-tipped darts
 J - 20 boomerangs (quivered)
 M - 2 throwing nets
Armour
 e - a +2 hat of see invisible (worn)
 h - a scarf of repulsion (worn)
 n - a +2 robe of willpower (worn)
 y - a +0 buckler (worn)
 K - a +2 pair of gloves (worn)
Magical Staves
 a - a staff of conjuration (weapon)
 b - a staff of air
 t - a staff of death
 w - a staff of cold
 X - a staff of earth
Jewellery
 g - an amulet of reflection (around neck)
 j - a ring of resist corrosion
 o - a ring of protection from cold (left hand)
 u - a ring of protection from fire
 x - a +4 ring of protection (right hand)
 F - a ring of wizardry
 G - a ring of protection from cold
 H - a ring of protection from cold
 O - a ring of positive energy
Wands
 d - a wand of roots (14)
 s - a wand of paralysis (46)
 B - a wand of mindburst (6)
 Z - a wand of acid (1)
Scrolls
 k - 3 scrolls of fear
 l - 9 scrolls of fog
 p - 3 scrolls of blinking
 q - 3 scrolls of magic mapping
 v - 2 scrolls of butterflies
 C - 6 scrolls of poison
 P - 16 scrolls of identify {@r1}
 Q - a scroll of silence
 R - 13 scrolls of teleportation
Potions
 c - 14 potions of curing
 m - 2 potions of invisibility
 r - 3 potions of cancellation
 D - 3 potions of resistance
 E - 2 potions of might
 L - 3 potions of brilliance
 N - a potion of ambrosia
 W - 2 potions of haste
 Y - 2 potions of berserk rage
Miscellaneous
 z - a condenser vane
 A - a tin of tremorstones (2/2)
 T - a phantom mirror
 U - a lightning rod (4/4)
 V - a phial of floods


   Skills:
 + Level 19.4 Fighting
 - Level 10.3(13.4) Short Blades
 - Level 13.9(15.2) Long Blades
 - Level 7.0 Armour
 - Level 15.0 Dodging
 + Level 10.8 Stealth
 - Level 4.2 Shields
 + Level 15.5 Spellcasting
 - Level 8.7 Invocations
 - Level 14.4 Evocations


You couldn't memorise any spells.
You knew the following spells:

 Your Spells              Type           Power      Damage    Failure   Level
a - Iron Shot             Conj/Erth      53%        9d10      1%          6
b - Summon Lightning Spi  Summ/Air       85%        N/A       1%          4
c - Summon Guardian Gole  Hex/Summ       85%        N/A       0%          3
d - Malign Gateway        Summ/Tloc      42%        N/A       3%          7
e - Iskenderun's Mystic   Conj/Tloc      100%       2d19      1%          4
f - Magic Dart            Conj           100%       1d8       0%          1
g - Confusing Touch       Hex            85%        N/A       0%          3
h - Summon Small Mammal   Summ           100%       N/A       0%          1
i - Searing Ray           Conj           100%       2d8       0%          2
j - Conjure Ball Lightni  Conj/Air       53%        3x3d18    1%          6
k - Dazzling Flash        Conj/Hex       100%       N/A       0%          3
l - Eringya's Noxious Bo  Tmut/Pois      42%        N/A       1%          6
m - Orb of Destruction    Conj           53%        9d13      3%          7
n - Summon Forest         Summ/Tloc      42%        N/A       1%          5
p - Fulminant Prism       Conj/Hex       53%        3d23      1%          4
z - Blink                 Tloc           100%       N/A       0%          2
Your spell library was empty.

Dungeon Overview and Level Annotations

Branches:
Dungeon (15/15)            Temple (1/1) D:6            Lair (5/5) D:11
  Swamp (4/4) Lair:3        Snake (4/4) Lair:2        Slime (0/5) Lair:4
    Orc (2/2) D:11            Elf (2/3) Orc:2        Vaults (4/5) D:14
  Crypt (0/3) Vaults:2     Depths (3/4) D:15

Altars:
Ashenzari
Cheibriados
Dithmenos
Elyvilon
Fedhas
Gozag
Hepliaklqana
Makhleb
Nemelex Xobeh
Okawaru
Qazlal
Ru
Trog
Uskayaw
Wu Jian
Xom
Yredelemnul
Zin
The Shining One
Jiyva
Lugonu

Shops:
D:3 (   Orc:2 [::([   Snake:2 ((   Vaults:2 !!   Depths:2 (:(

Portals:
Hell: Depths:1 Depths:3
Abyss: D:7 Depths:2
Pandemonium: Depths:2
Ziggurat: Depths:2

Annotations:
D:6 exclusion: downstairs
Lair:1 1 runed translucent door
Snake:1 1 runed translucent door
Snake:2 3 runed translucent doors, Emynorhu's ghost, journeyman DsGl; Nitaif's ghost, adept GrFi; Qob Tera's ghost, adept DsGl; Zerisafo's ghost, adept HOMo
Snake:3 Mara
Elf:1 2 runed translucent doors
Elf:2 3 runed translucent doors
Vaults:3 2 runed translucent doors, Ynomam's ghost, veteran MfBe
Depths:1 2 transporters, strangelove's ghost, master GrEE
Depths:3 Mennas


Innate Abilities, Weirdness & Mutations

Your life essence is reduced to manifest your ancestor. (-10% HP)
You are immune to sickness and miasma.
You are immune to poison.
Your flesh is very heat resistant. (rF++)
You are vulnerable to cold. (rC-)
You float through the air rather than walking.
You learn spells naturally, not from books.
Your magical power is your life essence.
You have superior vitality. (+4 MHP)
You are weak. (Str -2)


Message History

Mennas hits you with a +4 eudemon blade of holy wrath!
* * * LOW HITPOINT WARNING * * *
Your eldritch tentacle slaps the spriggan air mage!!
Your eldritch tentacle draws strength from the spriggan air mage's injuries!
Your eldritch tentacle claws the spriggan air mage!!
The spriggan air mage dies!
A golden dragon comes into view.
Mennas hits you with a +4 eudemon blade of holy wrath!
* * * LOW HITPOINT WARNING * * *
Mennas hits you with a +4 eudemon blade of holy wrath!
* * * LOW HITPOINT WARNING * * *
Your eldritch tentacle cannot move out of your way!
Your eldritch tentacle cannot move out of your way!
Unknown command.
Your eldritch tentacle cannot move out of your way!
Unknown command.
Your eldritch tentacle slaps Mennas but does no damage.
Mennas blocks your eldritch tentacle's attack.
You block Mennas's attack.
Mennas hits you with a +4 eudemon blade of holy wrath.
* * * LOW HITPOINT WARNING * * *
Your eldritch tentacle cannot move out of your way!
Bintanath loses the glow of perfection.
Your eldritch tentacle closely misses Mennas.
Your eldritch tentacle completely misses Mennas.
Mennas hits you with a +4 eudemon blade of holy wrath!
* * * LOW HITPOINT WARNING * * *
Mennas hits you with a +4 eudemon blade of holy wrath!
* * * LOW HITPOINT WARNING * * *
Mennas blocks Bintanath's attack.
Mennas blocks your eldritch tentacle's attack. x2
Mennas becomes audible again.
Mennas gestures frantically.
Mennas's surroundings become eerily quiet.
Your eldritch tentacle slaps Mennas but does no damage.
Your eldritch tentacle claws Mennas but does no damage.
Mennas shakes his head sadly.
Mennas barely misses you.
Mennas hits you with a +4 eudemon blade of holy wrath!!
You die...

.#..i.....# #..# #.# ##+## #.∩#
#.# ##≈.≈## #### #..# ##.#
#≈≈.≈≈## ..... #..###..# ≈≈...≈≈#
#..###.w....# .......#
#...DR)\.[.# ≈≈...≈≈#
###.#A..\..### #≈≈.≈≈##
##@#.#.*...##### ##≈.≈##
###.........#.#### ##'## #####
#.........#..... ##≈.≈## ##≈.≈##
##....#......... #≈≈.≈≈###≈≈!≈≈##
#...##.........
≈≈u†.≈≈#≈≈†..≈≈####[..##........#
)...<..'.....[.'.[.<.............
≈≈...≈≈#≈≈...≈≈....[.........>...
#≈≈†≈≈###≈≈.≈≈#####....##........


You could see the friendly Bintanath the knight (wandering, reflecting), Mennas
(silencing, ally target) and a friendly eldritch tentacle.

Vanquished Creatures
  the Lernaean hydra (Swamp:4)
  Jorgrun (Orc:1)
  A lich (Depths:3)
  A quicksilver dragon (Vaults:4)
  A sphinx (Depths:1)
  2 fire giants (Depths:3)
  2 deep elf sorcerers
  3 frost giants
  A vault warden (Vaults:3)
  A curse skull (Vaults:2)
  2 ironbound preservers
  A spriggan defender (Depths:2)
  A vampire knight (Depths:3)
  6 stone giants
  An ironbound thunderhulk (Vaults:4)
  2 deep elf demonologists (Elf:1)
  4 spark wasps
  A crystal guardian (D:12)
  An ettin (Vaults:3)
  2 fire dragons (Depths:1)
  4 yaktaur captains
  A great orb of eyes (Vaults:3)
  A deep elf high priest (Vaults:4)
  4 hydras
  A rakshasa (Depths:1)
  An ironbound frostheart (Vaults:2)
  2 vault guards (Vaults:3)
  A boulder beetle (D:11)
  A centaur warrior (D:14)
  A deep troll earth mage (D:12)
  12 dancing weapons
  2 death yaks
  A deep troll shaman (Depths:1)
  3 shock serpents
  4 naga sharpshooters
  An orc high priest (Orc:1)
  A hell knight (Depths:1)
  7 deep elf knights
  A sea snake (Snake:1)
  8 deep trolls
  2 spriggan druids
  2 glowing orange brains
  3 swamp dragons
  3 bog bodies
  A tengu zombie (Depths:3)
  10 deep elf archers
  3 wizards
  A necromancer (Depths:1)
  3 ironbound convokers
  8 deep elf pyromancers
  15 deep elf zephyrmancers
  A mana viper (Snake:1)
  2 manticores
  3 ugly things
  2 orc sorcerers
  The ghost of Selrock the Shield-Bearer, a novice GrFi of Okawaru (D:7)
  A salamander (Snake:2)
  2 elephants
  3 vault sentinels
  A toenail golem (D:7)
  A will-o-the-wisp (Swamp:2)
  3 cane toads
  8 black mambas
  A naga mage (Snake:1)
  A torpor snail (Lair:1)
  Maggie (D:9)
  A gargoyle (D:11)
  4 komodo dragons
  An ancient zyme (D:7)
  5 yaktaurs
  A polar bear (Lair:5)
  A bloated husk (Swamp:3)
  3 tyrant leeches
  A dream sheep (shapeshifter) (Depths:3)
  2 trolls (D:12)
  6 blink frogs (Lair:5)
  An air elemental (Elf:2)
  9 slime creatures
  2 vampires
  2 spriggans (Swamp:3)
  2 water elementals (Elf:2)
  14 yaks
  2 wyverns
  2 steam dragons (D:8)
  3 vampire mosquitoes
  7 swamp worms
  2 acid dragons
  2 nagas (Snake:1)
  6 water moccasins
  A floating eye (Depths:2)
  6 orc warriors
  A swamp drake (Swamp:1)
  An ice beast (D:6)
  3 sky beasts
  3 boggarts (Vaults:3)
  3 wolves
  Blork the orc (D:4)
  A phantom (D:6)
  6 kobold brigands
  A necrophage (D:8)
  3 bullfrogs
  2 earth elementals
  A scorpion (D:6)
  14 wights
  3 small abominations
  6 killer bees
  2 jellies
  4 howler monkeys
  3 electric eels
  A lava snake (Lair:2)
  2 orc priests
  4 hounds
  6 iguanas
  6 orc wizards
  11 gnolls
  4 adders
  2 white imps
  A nameless horror (Lair:2)
  2 worms
  A dart slug (D:2)
  28 orcs
  6 ball pythons
  8 bats
  2 endoplasms
  7 giant cockroaches
  10 goblins
  4 hobgoblins
  11 jackals
  31 kobolds
  3 quokkas
  A frilled lizard (D:2)
  7 rats
  2 snaplasher vines
478 creatures vanquished.

Vanquished Creatures (collateral kills)
  A caustic shrike (Depths:2)
  A golden dragon (Depths:3)
  A walking crystal tome (Depths:2)
  Rupert (Lair:3)
  Gastronok (Orc:1)
  2 eldritch tentacles
  Kirke (Snake:3)
  2 sphinxes
  A nagaraja (Snake:4)
  2 fire giants
  A frost giant (Depths:3)
  8 vault wardens
  Louise (Snake:3)
  A juggernaut zombie (Depths:3)
  Aizul (Snake:3)
  A deep elf sorcerer (Orc:2)
  11 ironbound preservers
  19 very ugly things
  A broodmother (shapeshifter) (Depths:3)
  The ghost of holysushi the Prestidigitator, a journeyman GnAr of Okawaru (Orc:2)
  A vampire knight (Depths:1)
  4 stone giants
  3 eleionomae
  2 ironbound thunderhulks
  9 dire elephants
  A deep elf demonologist (Elf:2)
  Nessos (Orc:2)
  3 bunyips
  A spark wasp (D:15)
  The ghost of Gogrithru the Fighter, a journeyman MeRe of Okawaru (Orc:1)
  3 ettins
  2 green deaths (Swamp:4)
  An entropy weaver (Vaults:3)
  8 yaktaur captains
  4 great orbs of eyes
  15 vault guards
  3 ice dragons
  A rakshasa (Depths:1)
  13 hydras
  A spriggan air mage (Depths:3)
  5 ironbound frosthearts
  A death knight (Vaults:2)
  3 boulder beetles
  8 centaur warriors
  5 anacondas
  5 dancing weapons
  5 alligators
  2 two-headed ogres (D:12)
  2 deep troll shamans
  5 spriggan berserkers
  A boulder beetle (shapeshifter) (Vaults:2)
  3 naga warriors
  3 deep troll earth magi
  A tengu warrior (D:12)
  3 shock serpents
  A thrashing horror (Swamp:4)
  7 death yaks
  9 naga sharpshooters
  4 deep elf knights
  3 orc high priests
  A vampire mage (Vaults:2)
  4 hell knights (Depths:1)
  4 iron trolls
  4 goliath frogs
  3 death drakes (Swamp:1)
  A skyshark (Lair:4)
  2 spriggan druids
  4 naga ritualists
  6 sea snakes
  7 bog bodies
  4 deep elf archers
  23 deep trolls
  A harpy (shapeshifter) (D:15)
  A tengu zombie (Depths:3)
  5 wizards
  18 deep elf zephyrmancers
  3 necromancers
  3 orc knights
  8 ironbound convokers
  10 lindwurms
  32 ugly things
  5 swamp dragons (Swamp:4)
  5 mana vipers
  4 cyclopes
  15 deep elf pyromancers
  2 manticores
  7 orc sorcerers
  A will-o-the-wisp (Swamp:3)
  7 elephants
  An iron dragon skeleton (Depths:3)
  2 salamanders
  24 black mambas
  20 vault sentinels
  A guardian serpent (Snake:4)
  6 naga magi
  An unseen horror (D:12)
  2 torpor snails
  19 cane toads
  4 orange demons (Swamp:4)
  6 komodo dragons
  2 kobold demonologists (D:11)
  2 efreet
  A komodo dragon (shapeshifter) (Depths:3)
  3 freezing wraiths
  11 yaktaurs
  A tengu conjurer (Depths:1)
  2 rime drakes (Lair:2)
  7 tyrant leeches
  A bloated husk (Swamp:3)
  A polar bear (Lair:2)
  8 trolls
  8 hornets
  10 blink frogs
  4 dream sheep (Lair:1)
  A dream sheep (shapeshifter) (Vaults:4)
  42 slime creatures
  3 large abominations
  2 shadows
  10 spriggans
  A jumping spider (shapeshifter) (D:15)
  3 wraiths
  4 air elementals
  39 yaks
  7 water elementals
  A wyvern (Lair:3)
  A basilisk (D:14)
  A golden eye (shapeshifter) (D:14)
  5 hogs (Snake:3)
  A chaos spawn (Depths:3)
  3 fire elementals (Elf:1)
  A steam dragon (D:10)
  A redback (shapeshifter) (D:12)
  16 vampire mosquitoes
  A redback (Vaults:3)
  2 wargs
  6 small abominations (Depths:3)
  3 acid dragons
  12 nagas
  14 swamp worms
  9 water moccasins
  4 swamp drakes
  A floating eye (Depths:2)
  30 orc warriors
  A tengu (shapeshifter) (Elf:2)
  3 ogres
  A boggart (Vaults:3)
  A centaur (D:12)
  11 wolves
  9 bullfrogs
  A gnoll sergeant (Orc:1)
  An earth elemental (Elf:2)
  A wight (D:9)
  3 killer bees (D:9)
  A vampire bat (Orc:2)
  4 howler monkeys
  9 electric eels
  A crimson imp (D:7)
  2 lava snakes (Lair:2)
  18 orc priests
  3 jellies (Lair:4)
  20 orc wizards
  3 gnolls (Orc:1)
  A nameless horror (D:12)
  55 orcs
  5 bats (Orc:2)
  A kobold (D:2)
  A rat (D:2)
  3 ball lightnings (Swamp:2)
  A bush (Lair:2)
  A snaplasher vine (Orc:2)
933 creatures vanquished.

Vanquished Creatures (others)
  19 eldritch tentacles
  3 vault wardens (Vaults:1)
  An orc warlord (Orc:2)
  A stone giant (Depths:1)
  A bunyip (Swamp:4)
  2 dire elephants (Vaults:2)
  A yaktaur captain (Vaults:3)
  A vault guard (Vaults:3)
  An ice dragon (D:14)
  A catoblepas (Lair:1)
  6 centaur warriors
  A spriggan air mage (Depths:3)
  A naga sharpshooter (Snake:3)
  A naga warrior (Snake:2)
  A death yak (D:11)
  3 spriggans
  A deep troll (Vaults:4)
  An ugly thing (D:14)
  3 ironbound convokers
  A wizard (D:9)
  An elephant (Lair:4)
  A naga mage (Snake:2)
  3 yaktaurs
  A bloated husk (Swamp:4)
  A blink frog (Lair:5)
  4 hornets
  A water elemental (Elf:1)
  A wyvern (D:9)
  4 yaks
  A vampire mosquito (Lair:5)
  3 swamp worms (Lair:3)
  A naga (Snake:2)
  A nameless horror (Lair:4)
  A bullfrog (Lair:4)
  4 wights (D:9)
  A howler monkey (D:9)
  2 jellies (Lair:4)
  4 ancestors
  18 knights
  21 ball lightnings
  2 foxfires (Swamp:3)
  83 fulminant prisms
  46 fungi
  109 plants
  44 snaplasher vines
  2 withered plants (Snake:2)
410 creatures vanquished.

Grand Total: 1821 creatures vanquished

Notes
Turn   | Place    | Note
-------+----------+-------------------------------------------
     0 | D:1      | dolemite99 the Djinni Conjurer began the quest for the Orb.
     0 | D:1      | dolemite99 set off with the following spells memorised:
                  | Magic Dart, Searing Ray, Dazzling Flash, Fulminant Prism,
                  | Iskenderun's Mystic Blast.
     0 | D:1      | Reached XP level 1. HP: 15/15 MP: 0/0
   127 | D:1      | Reached XP level 2. HP: 20/21 MP: 0/0
   591 | D:1      | Reached XP level 3. HP: 24/25 MP: 0/0
   591 | D:1      | Learned a level 1 spell: Summon Small Mammal
   907 | D:2      | Found an iron altar of Okawaru.
  1715 | D:3      | Reached skill level 1 in Fighting
  1963 | D:3      | Reached XP level 4. HP: 30/32 MP: 0/0
  2395 | D:3      | Found Maetem's Antique Weapon Emporium.
  2655 | D:4      | Reached skill level 2 in Fighting
  3337 | D:4      | Reached skill level 3 in Fighting
  3337 | D:4      | Reached XP level 5. HP: 37/40 MP: 0/0
  3337 | D:4      | Learned a level 2 spell: Blink
  3351 | D:4      | Noticed Blork the orc
  3368 | D:4      | Killed Blork the orc
  3369 | D:4      | Reached skill level 4 in Fighting
  3410 | D:4      | Reached XP level 6. HP: 30/47 MP: 0/0
  3639 | D:4      | Got Kikubaaqudgha's Guidebook on Nightshade
  4080 | D:5      | Entered Level 5 of the Dungeon
  4733 | D:5      | Reached skill level 5 in Fighting
  4733 | D:5      | Reached XP level 7. HP: 51/54 MP: 0/0
  4733 | D:5      | Learned a level 3 spell: Summon Guardian Golem
  5929 | D:6      | Reached skill level 5 in Spellcasting
  6133 | D:6      | Reached skill level 6 in Fighting
  6133 | D:6      | Reached XP level 8. HP: 46/61 MP: 0/0
  6420 | D:6      | Found a staircase to the Ecumenical Temple.
  6436 | Temple   | Entered the Ecumenical Temple
  6512 | Temple   | Became a worshipper of Hepliaklqana the Forgotten
  7438 | D:6      | Reached skill level 7 in Fighting
  7889 | D:7      | Identified the +3 leather armour of Uvvit {Harm rC+ Int+2}
  9071 | D:6      | Reached XP level 9. HP: 44/68 MP: 0/0
  9071 | D:6      | Learned a level 3 spell: Confusing Touch
  9800 | D:7      | Reached skill level 8 in Fighting
 10037 | D:7      | Found a transporter.
 10180 | D:7      | Found a one-way gate to the infinite horrors of the Abyss.
 10180 | D:7      | Noticed Selrock's ghost (novice GrFi)
 10195 | D:7      | Noticed an ancient zyme
 10219 | D:7      | Found a sacrificial altar of Ru.
 10387 | D:7      | Found a transporter.
 11218 | D:8      | Paralysed by an orc wizard for 5 turns
 11366 | D:8      | Reached skill level 9 in Fighting
 11366 | D:8      | Reached XP level 10. HP: 67/78 MP: 0/0
 11625 | D:8      | Found a shadowy altar of Dithmenos.
 11625 | D:8      | Found a broken altar of Ashenzari.
 11626 | D:8      | Found an iron altar of Okawaru.
 11731 | D:8      | Reached skill level 5 in Dodging
 11942 | D:9      | Reached * piety under Hepliaklqana
 12051 | D:9      | Found a bloodstained altar of Trog.
 12053 | D:9      | Noticed a wizard
 12058 | D:9      | Killed a wizard
 12224 | D:9      | Found a white marble altar of Elyvilon.
 12916 | D:9      | Noticed Maggie
 12951 | D:9      | Killed Maggie
 13175 | D:10     | Entered Level 10 of the Dungeon
 13224 | D:10     | Found an ornate altar of the Wu Jian Council.
 13224 | D:10     | Found a sparkling altar of Nemelex Xobeh.
 13226 | D:10     | Found an opulent altar of Gozag.
 13258 | D:10     | Reached skill level 10 in Fighting
 13258 | D:10     | Reached XP level 11. HP: 51/76 MP: 0/0
 13258 | D:10     | Learned a level 4 spell: Summon Lightning Spire
 13759 | D:10     | Reached ** piety under Hepliaklqana
 13760 | D:10     | Remembered your ancestor Bintanath as a knight
 13887 | D:10     | Found a hide-covered altar of Uskayaw.
 14621 | D:11     | Reached skill level 1 in Short Blades
 14691 | D:11     | Found a staircase to the Lair.
 14699 | D:11     | Noticed a death yak
 14699 | D:11     | Noticed a death yak
 14700 | D:11     | Noticed a death yak
 14707 | D:11     | Noticed a death yak
 14708 | D:11     | Noticed a death yak
 14711 | D:11     | Killed a death yak
 14745 | D:11     | Killed a death yak
 14759 | D:11     | Killed a death yak
 15298 | D:11     | Killed a death yak
 15299 | D:11     | Reached skill level 5 in Short Blades
 15309 | D:11     | Killed a death yak
 15310 | D:11     | Reached XP level 12. HP: 72/82 MP: 0/0
 15386 | Lair:1   | Entered Level 1 of the Lair of Beasts
 16745 | Lair:1   | Found a runed translucent door.
 16777 | Lair:1   | Noticed a four-headed hydra
 16796 | Lair:1   | Killed a four-headed hydra
 16798 | Lair:1   | Reached skill level 10 in Short Blades
 17121 | Lair:1   | Noticed a catoblepas
 17141 | Lair:1   | Killed a catoblepas
 18057 | D:11     | Found a staircase to the Orcish Mines.
 18105 | D:11     | Identified a scroll of acquirement
 18105 | D:11     | Acquired a manual of Evocations
 18115 | D:11     | Noticed a boulder beetle
 18130 | D:11     | Killed a boulder beetle
 18131 | D:11     | Reached XP level 13. HP: 87/87 MP: 0/0
 18131 | D:11     | Learned a level 5 spell: Summon Forest
 18402 | D:3      | Bought a sling for 34 gold pieces
 18726 | Lair:2   | Reached *** piety under Hepliaklqana
 18740 | Lair:2   | Reached skill level 5 in Evocations
 19191 | Lair:2   | Reached skill level 5 in Stealth
 19252 | Lair:2   | Found a staircase to the Snake Pit.
 20002 | Lair:3   | Noticed Rupert
 20016 | Lair:3   | Killed Rupert
 20433 | Lair:3   | Reached skill level 10 in Evocations
 20520 | Lair:3   | Noticed a four-headed hydra
 20541 | Lair:3   | Killed a four-headed hydra
 20626 | Lair:3   | Reached **** piety under Hepliaklqana
 20918 | Lair:3   | Noticed a seven-headed hydra
 20933 | Lair:3   | Killed a seven-headed hydra
 20934 | Lair:3   | Reached XP level 14. HP: 91/92 MP: 0/0
 21227 | Lair:3   | Found a staircase to the Swamp.
 21708 | Lair:4   | Found a viscous altar of Jiyva.
 21766 | Lair:4   | Found a staircase to the Slime Pits.
 23005 | Lair:5   | Entered Level 5 of the Lair of Beasts
 23752 | Lair:5   | Reached ***** piety under Hepliaklqana
 23796 | Lair:5   | Reached skill level 1 in Invocations
 24122 | Lair:5   | Reached XP level 15. HP: 62/98 MP: 0/0
 24122 | Lair:5   | Learned a level 6 spell: Eringya's Noxious Bog
 24473 | Lair:5   | Identified the +1 leather armour of Weuxzurro {*Corrode rC+
                  | Will+}
 25006 | D:12     | Reached skill level 11 in Fighting
 25641 | D:12     | Reached skill level 5 in Invocations
 25889 | D:12     | Noticed a fire giant
 25904 | D:12     | Killed a fire giant
 26558 | D:12     | Identified the +1 robe of Shielding {Contam rF+ rN+}
 26823 | D:12     | Found an iron altar of Okawaru.
 26872 | D:12     | Identified the +2 halberd of Noon {freeze, Will+ Dex+5}
 27206 | Orc:1    | Entered Level 1 of the Orcish Mines
 27208 | Orc:1    | Noticed Gastronok
 27211 | Orc:1    | Noticed Jorgrun
 27220 | Orc:1    | Killed Gastronok
 27520 | Orc:1    | Killed Jorgrun
 27996 | Orc:1    | Found a large runed translucent door.
 27996 | Orc:1    | Found a large runed translucent door.
 28214 | Orc:1    | Noticed Gogrithru's ghost (journeyman MeRe)
 28292 | Orc:2    | Entered Level 2 of the Orcish Mines
 28340 | Orc:2    | Acquired 1090 gold pieces
 28379 | Orc:2    | Noticed Nessos
 28380 | Orc:2    | Killed Nessos
 28381 | Orc:2    | Reached skill level 12 in Fighting
 29470 | Orc:2    | Reached XP level 16. HP: 94/104 MP: 0/0
 29923 | Orc:2    | Reached skill level 10 in Dodging
 30258 | Orc:2    | Found Ymeageot's Book Shop.
 30746 | Orc:2    | Found Hakhlux's Antique Weapon Boutique.
 30748 | Orc:2    | Found Qukyst's Antique Armour Shop.
 30755 | Orc:2    | Bought a pair of shimmering gloves for 199 gold pieces
 30755 | Orc:2    | Identified the +0 pair of gloves of Cheibriados {rC+++ rN+
                  | Int-5 Slay+2} (You bought it in a shop on level 2 of the
                  | Orcish Mines)
 30772 | Orc:2    | Bought a bronze ring mail for 189 gold pieces
 30772 | Orc:2    | Identified the +3 ring mail "Piekka" {Str-5 Int+5} (You
                  | bought it in a shop on level 2 of the Orcish Mines)
 30800 | Orc:2    | Bought brightly glowing swamp dragon scales for 1155 gold
                  | pieces
 30800 | Orc:2    | Identified the +1 swamp dragon scales "Mair" {rPois rCorr
                  | Stlth+} (You bought it in a shop on level 2 of the Orcish
                  | Mines)
 30930 | Orc:2    | Found Coif's Book Boutique.
 30970 | Orc:2    | Found a runed translucent door.
 30984 | Orc:2    | Noticed holysushi's ghost (journeyman GnAr)
 31271 | Orc:2    | Found a staircase to the Elven Halls.
 31405 | Orc:2    | Found Meminu's Armour Emporium.
 31480 | Orc:2    | Killed holysushi's ghost
 31481 | Orc:2    | Reached skill level 1 in Armour
 32821 | D:13     | Reached XP level 17. HP: 110/110 MP: 0/0
 32821 | D:13     | Learned a level 6 spell: Conjure Ball Lightning
 33225 | D:14     | Reached skill level 1 in Shields
 33379 | D:14     | Found a snail-covered altar of Cheibriados.
 34405 | D:14     | Reached skill level 10 in Spellcasting
 34834 | D:15     | Entered Level 15 of the Dungeon
 35075 | D:14     | Found a gate to the Vaults.
 35117 | D:14     | Reached skill level 1 in Long Blades
 35871 | D:15     | Found a staircase to the Depths.
 37120 | Elf:1    | Entered Level 1 of the Elven Halls
 37472 | Elf:1    | Paralysed by an air elemental for 1 turns
 37492 | Orc:2    | Gained mutation: You are weak. (Str -2) [mutagenic glow]
 39966 | Orc:2    | Paralysed by an air elemental for 1 turns
 39968 | Orc:2    | Paralysed by an air elemental for 1 turns
 39972 | Orc:2    | Reached skill level 5 in Long Blades
 41376 | Swamp:1  | Entered Level 1 of the Swamp
 41892 | Swamp:1  | Reached skill level 13 in Fighting
 41893 | Swamp:1  | Reached XP level 18. HP: 38/118 MP: 0/0
 42416 | Snake:1  | Entered Level 1 of the Snake Pit
 45632 | Swamp:3  | HP: 3/119 [spriggan druid/stone arrow (45)]
 47143 | Swamp:4  | Entered Level 4 of the Swamp
 49827 | Swamp:4  | Reached skill level 14 in Fighting
 50515 | Swamp:4  | Noticed the 27-headed Lernaean hydra
 50822 | Swamp:4  | Killed the 26-headed Lernaean hydra
 51118 | Swamp:4  | Reached XP level 19. HP: 105/126 MP: 0/0
 51118 | Swamp:4  | Learned a level 6 spell: Iron Shot
 51469 | Swamp:4  | Got a decaying rune of Zot
 52764 | Orc:2    | Reached skill level 10 in Long Blades
 53384 | Elf:1    | Identified the +6 glaive "Impbane" {distort, Dex+3}
 54967 | Vaults:1 | Entered Level 1 of the Vaults
 58454 | Vaults:1 | Reached skill level 15 in Fighting
 59609 | Vaults:2 | Found a staircase to the Crypt.
 60053 | Vaults:2 | Reached XP level 20. HP: 63/134 MP: 0/0
 61040 | Vaults:2 | Found Dunuruc's Distillery.
 61047 | Vaults:2 | Bought 2 potions of haste for 300 gold pieces
 61047 | Vaults:2 | Bought a potion of resistance for 150 gold pieces
 61047 | Vaults:2 | Bought a potion of brilliance for 60 gold pieces
 61047 | Vaults:2 | Bought a potion of brilliance for 60 gold pieces
 61047 | Vaults:2 | Bought a potion of curing for 45 gold pieces
 61047 | Vaults:2 | Bought a potion of curing for 45 gold pieces
 61047 | Vaults:2 | Bought a potion of invisibility for 120 gold pieces
 61615 | Vaults:2 | Found Levaw's Distillery.
 61975 | Vaults:2 | Found a gateway to a bazaar.
 61980 | Bazaar   | Entered a bazaar
 62009 | Bazaar   | Found Tiuqoa's Armour Shop.
 62066 | Bazaar   | Found Wyeprasa's Antique Weapon Emporium.
 62093 | Bazaar   | Found Gogiff's Assorted Antiques.
 62144 | Bazaar   | Bought a potion of brilliance for 112 gold pieces
 62144 | Bazaar   | Bought a scroll of teleportation for 84 gold pieces
 62144 | Bazaar   | Bought a potion of invisibility for 224 gold pieces
 62180 | Bazaar   | Bought a +1 hat of see invisible for 304 gold pieces
 63084 | Vaults:3 | Found a large runed translucent door.
 63085 | Vaults:3 | Found a large runed translucent door.
 63085 | Vaults:3 | Noticed Ynomam's ghost (veteran MfBe)
 64041 | Vaults:3 | Reached skill level 16 in Fighting
 65629 | Vaults:3 | Reached XP level 21. HP: 133/141 MP: 0/0
 65629 | Vaults:3 | Learned a level 7 spell: Orb of Destruction
 66624 | Elf:1    | Found a runed translucent door.
 66625 | Elf:1    | Found a runed translucent door.
 67401 | Elf:1    | Found a runed translucent door.
 67448 | Elf:1    | Identified the +8 long sword of Disembowelment {drain, rC+
                  | Str-2 Int+4 Stlth+} (You took it off a deep elf pyromancer
                  | on level 1 of the Elven Halls)
 69302 | Snake:1  | Found a runed translucent door.
 69671 | Snake:2  | Found a runed translucent gate.
 69671 | Snake:2  | Found a runed translucent gate.
 69671 | Snake:2  | Found a runed translucent gate.
 69672 | Snake:2  | Noticed Zerisafo's ghost (adept HOMo)
 69673 | Snake:2  | Noticed Nitaif's ghost (adept GrFi)
 69673 | Snake:2  | Noticed Emynorhu's ghost (journeyman DsGl)
 69673 | Snake:2  | Noticed Qob Tera's ghost (adept DsGl)
 69981 | Snake:2  | Found Athor's Weapon Shop.
 70309 | Snake:2  | Found Menebaes's Antique Weapon Boutique.
 71325 | Snake:3  | Reached skill level 17 in Fighting
 71743 | Snake:3  | Noticed Aizul
 71752 | Snake:3  | Killed Aizul
 72324 | Snake:3  | Noticed Kirke
 72332 | Snake:3  | Killed Kirke
 72416 | Snake:3  | Noticed Louise
 72433 | Snake:3  | Killed Louise
 72995 | Snake:4  | Entered Level 4 of the Snake Pit
 73621 | Snake:4  | Noticed Mara
 73631 | Snake:4  | Noticed dolemite99's illusion
 73965 | Elf:2    | Paralysed by an air elemental for 1 turns
 73969 | Elf:2    | Paralysed by an air elemental for 1 turns
 74926 | Elf:2    | Reached XP level 22. HP: 117/150 MP: 0/0
 76747 | Elf:2    | Found a runed translucent gate.
 76749 | Elf:2    | Found a runed translucent gate.
 76749 | Elf:2    | Found a runed translucent gate.
 77782 | Vaults:4 | Reached skill level 18 in Fighting
 80552 | D:7      | Killed Selrock's ghost
 80993 | Orc:1    | Killed Gogrithru's ghost
 81186 | Depths:1 | Entered Level 1 of the Depths
 82032 | Depths:1 | Reached XP level 23. HP: 142/158 MP: 0/0
 82032 | Depths:1 | Learned a level 7 spell: Malign Gateway
 82325 | Depths:1 | Found a transporter.
 82328 | Depths:1 | Found a transporter.
 82328 | Depths:1 | Noticed strangelove's ghost (master GrEE)
 83170 | Depths:1 | Reached skill level 15 in Spellcasting
 83253 | Depths:1 | Reached skill level 15 in Dodging
 83867 | Depths:1 | Found a hazy altar of Hepliaklqana.
 83948 | Depths:1 | Found a gateway to Hell.
 84437 | Depths:2 | Found a hide-covered altar of Uskayaw.
 84555 | Depths:2 | Found a one-way gate leading to the halls of Pandemonium.
 84558 | Depths:2 | Found Soiqooze's Weapon Shoppe.
 84721 | Depths:2 | Found Ifoqouw's Book Shop.
 84736 | Depths:2 | Found a one-way gateway to a ziggurat.
 84759 | Depths:2 | Found Haoguf's Antique Weapon Shoppe.
 84870 | Depths:2 | Found a corrupted altar of Lugonu.
 85546 | Depths:2 | Reached skill level 19 in Fighting
 85705 | Depths:2 | Reached skill level 10 in Stealth
 86259 | Depths:2 | Paralysed by a floating eye for 3 turns
 86280 | Depths:2 | Noticed a caustic shrike
 86284 | Depths:2 | Killed a caustic shrike
 86492 | Depths:2 | Identified the +1 scale mail of Morality {rPois rF+ rN+
                  | Dex+3}
 87882 | Depths:3 | Noticed a golden dragon
 87907 | Depths:3 | Killed a golden dragon
 88327 | Depths:3 | Noticed Mennas
 88343 | Depths:3 | Noticed a golden dragon
 88346 | Depths:3 | HP: 3/160 [Mennas/+4 eudemon blade of holy wrath (9)]
 88349 | Depths:3 | Demolished by Mennas

Illustrated notes

Levels and vault maps discovered:
D:1:      dpeg_arrival_arbitrary_a, layout_rooms, minmay_shallow_snake_nest
D:2:      minmay_door_path, layout_loops_cross, basic_altar
D:3:      layout_loops_ring, serial_shops, nicolae_square_shop,
          minmay_misc_feat_cross, chequers_serial_rivers_small_3,
          nrook_mini_vaults
D:4:      layout_basic, grunt_temple_overflow_magic_moments, skrybe_limestone_x,
          uniq_blork_the_orc
D:5:      layout_gridville, nicolae_kite_square_tiling_tiny, minmay_liquid_box
D:6:      layout_rooms, minmay_temple_entry_glass
D:7:      layout_rooms, mainiacjoe_overflow_catwalk,
          gammafunk_ghost_abyssal_escape, serial_bayou_lagoon_a
D:8:      layout_basic, gammafunk_temple_overflow_claw
D:9:      layout_loops_ring, lemuel_tele_altar, trog_wizard, uniq_maggie
D:10:     layout_basic, mainiacjoe_overflow_alcove_3
D:11:     layout_basic, dpeg_lair_monsters
D:12:     minmay_complete_graph, layout_irregular_city, okawaru_gym_becter
D:13:     layout_basic
D:14:     layout_loops_ring, david_vaults_5, cheibriados_altar_1
D:15:     grunt_enter_depths_giant_problem, layout_loops_ring,
          minmay_misc_feat_encased
Temple:   grunt_temple_mini_profane
Lair:1:   dreamdust_labyrinth, layout_misc_corridors, grunt_megastairs_3
Lair:2:   layout_gridlike, nicolae_snake_entry_warm_welcome
Lair:3:   layout_hall_layers, palyth_hydra_swamp_entry, beast_lair_carwin_6,
          uniq_rupert
Lair:4:   layout_cave_pods, nicolae_slime_entry_field_trip
Lair:5:   minmay_lair_end_frog_pond, layout_regular_city, serial_bayou_shore_b,
          serial_bayou_shore_a, lemuel_fruit_tree, serial_bayou_shore_b
Swamp:1:  layout_basic_swamp, evilmike_swamp_ruin_rubble_2,
          hangedman_swamp_lotus, swamp_pool1, nicolae_swamp_drake_lake
Swamp:2:  layout_basic_swamp, nicolae_swamp_tree_designs,
          infiniplex_staircase_pool
Swamp:3:  layout_falls_marsh, hangedman_swamp_ruin_wall
Swamp:4:  swamp_vile, layout_basic_swamp
Snake:1:  layout_basic, lightli_airlock, serial_bayou_shore_b
Snake:2:  layout_honeycomb, gammafunk_ghost_cemetery, serial_shops,
          nicolae_shop_waterfront, nicolae_shop_crystal
Snake:3:  layout_basic, uniq_aizul, uniq_kirke, uniq_louise
Snake:4:  grunt_snake_rune_pools, layout_layer_cave, guppyfry_snake_island,
          uniq_mlioglotl, uniq_mara, uniq_vashnia, uniq_asterion
Orc:1:    layout_caves, basic_altar, ebering_ghost_disaster_area, mines1_david,
          uniq_jorgrun, uniq_gastronok
Orc:2:    grunt_orc_community_town_hall, layout_caves,
          grunt_orc_community_big_house_1, grunt_orc_community_big_house_1,
          grunt_orc_community_house_1, grunt_orc_community_house_3,
          grunt_orc_community_house_3, grunt_orc_community_house_1,
          grunt_orc_community_house_3, grunt_orc_community_house_3,
          hellmonk_ghost_happy_afterlife, serial_shops, shop, roderic_batcave,
          uniq_nessos
Elf:1:    minmay_the_grid_triangle_9x9_recursive_3_mashed
          [minmay_the_grid_triangle_9x9_sprig,
          minmay_the_grid_triangle_9x9_subtriangle,
          minmay_the_grid_triangle_9x9_intruding_spiral,
          minmay_the_grid_triangle_9x9_prize_schism,
          minmay_the_grid_triangle_9x9_zippers_vertical,
          minmay_the_grid_triangle_9x9_sparse_checkered,
          minmay_the_grid_triangle_9x9_tough_junction,
          minmay_the_grid_triangle_9x9_steps,
          minmay_the_grid_triangle_9x9_impossible_snake], layout_rooms,
          serial_glass, glass_columns_a, glass_columns_c, glass_columns_b,
          glass_columns_b, glass_columns_b, glass_columns_a, glass_columns_a,
          glass_columns_a, glass_columns_b, glass_columns_a, basic_altar,
          hangedman_elf_represent
Elf:2:    nicolae_elf_blades_crystal_corner, layout_loops_corners, st_stairs_11,
          nicolae_elf_vaults_five_recruitment_drive, uniq_azrael
Vaults:1: nicolae_vaults_little_ls, v_alt_pattern_1, hangedman_vaults_trim,
          nicolae_vaults_border_crossing, vaults_room_stairs_pillars,
          v_pattern_1, v_misc_28, ontoclasm_vaults_twist, vaults_room_pools,
          layout_vaults_quadrants
Vaults:2: nicolae_vaults_circle_grid_b, vaults_mumra_minichess_inversion,
          nicolae_vaults_octagons, minmay_crypt_entry_simple_round,
          grunt_vaults_focal, vaults_mumra_lcd, hangedman_vaults_cutoff,
          v_misc_14, nicolae_vaults_network_periphery, layout_vaults_omnibox,
          serial_shops, bzr_entry_road, shop, nicolae_shop_crystal
Vaults:3: ebering_ghost_disaster_area, vaults_room_guarded_vault,
          vaults_room_pools, v_misc_24, hangedman_vaults_river_flow,
          grunt_vaults_swirl, nicolae_vaults_network_star,
          hangedman_vaults_stretched_pinwheel, nicolae_vaults_puzzle_piece,
          nicolae_vaults_ninety_degrees, v_misc_3,
          ontoclasm_vaults_loading_screen, vaults_dpeg_emergency_exit,
          grunt_vaults_hallway_long, hangedman_vaults_corner_blocks,
          layout_vaults_maze
Vaults:4: hangedman_vaults_impose, vaults_room_fancy_cross,
          nicolae_vaults_circle_grid_b, nicolae_vaults_back_hallway,
          vaults_standard_mumra_x, nicolae_vaults_specimen_jars,
          nicolae_vaults_quadrants, ontoclasm_vaults_chip, v_misc_29,
          vaults_room_corners, vaults_dpeg_hooks, layout_vaults_ring
Depths:1: layout_basic, pf_hell_entry_tar_spiral, gammafunk_ghost_arena,
          hex_large, grunt_ministairs_3, nicolae_hepliaklqana_hippocampus
Depths:2: minmay_fractal_lines_corner, layout_gridlike, enter_ziggurat_c,
          grunt_hell_entry_dis_old, pan_entry, serial_shops, nicolae_shop_trees,
          nicolae_shop_overgrown_old_shop, shop,
          nicolae_uskayaw_murder_on_the_dancefloor, abyss_entry_flame_altar,
          nicolae_fountain_basement, minmay_staircase_windowed_small, uniq_vv
Depths:3: minmay_connected_triangles_in_corner, layout_cave_shapes, hell_entry,
          minmay_room_of_horrors, st_stairs_12, kennysheep_cross_landing,
          minmay_shop_star, uniq_mennas

Skill      XL: |  1  2  3  4  5  6  7  8  9 10 11 12 13 14 15 16 17 18 19 20 21 22 23 |
---------------+----------------------------------------------------------------------+-----
Spellcasting   | 4 5 6 7 8 9 10 11 12 13 14 15 | 15.5
Fighting       | 1 3 4 5 6 7 9 10 12 13 14 15 16 17 18 19 | 19.4
Dodging        | 4 8 9 10 12 14 15 | 15.0
Short Blades   | 6 10 | 10.3
Stealth        | 2 7 9 10 | 10.8
Evocations     | 3 11 14 | 14.4
Invocations    | 3 8 |  8.7
Armour         | 7 |  7.0
Shields        | 4 |  4.2
Long Blades    | 5 9 12 13 | 13.9

Action                     |  1- 3 |  4- 6 |  7- 9 | 10-12 | 13-15 | 16-18 | 19-21 | 22-24 || total
---------------------------+-------+-------+-------+-------+-------+-------+-------+-------++-------
  Melee: Whip              |     8 |       |       |       |       |       |       |       ||     8
         Short sword       |       |     2 |     4 |       |       |       |       |       ||     6
         Dagger            |       |       |    38 |    98 |   262 |    77 |       |       ||   475
         Punch             |       |       |     1 |     2 |     6 |     1 |       |       ||    10
         Staff             |       |       |       |       |     1 |    28 |    23 |    37 ||    89
         Scimitar          |       |       |       |       |       |    40 |    16 |       ||    56
  Throw: Boomerang         |       |       |       |    22 |       |       |    17 |   121 ||   160
         Dart              |       |       |       |    15 |   139 |    64 |       |       ||   218
   Cast: Magic Dart        |    64 |    89 |   117 |    32 |       |       |       |       ||   302
         Summon Small Mamm |    11 |       |       |       |     2 |       |       |       ||    13
         Searing Ray       |     4 |    13 |    41 |    20 |       |       |       |       ||    78
         Fulminant Prism   |       |     5 |    19 |     5 |    25 |    23 |     6 |       ||    83
         Dazzling Flash    |       |     1 |     1 |       |       |       |       |       ||     2
         Confusing Touch   |       |       |     1 |     5 |       |       |       |       ||     6
         Summon Guardian G |       |       |       |    43 |    85 |    66 |    87 |    18 ||   299
         Blink             |       |       |       |     5 |    11 |    24 |    19 |     8 ||    67
         Summon Lightning  |       |       |       |    34 |    80 |    60 |    84 |    20 ||   278
         Summon Forest     |       |       |       |       |    60 |    66 |    80 |    13 ||   219
         Eringya's Noxious |       |       |       |       |     1 |    12 |     1 |     3 ||    17
         Iskenderun's Myst |       |       |       |       |     1 |     4 |     2 |     6 ||    13
         Conjure Ball Ligh |       |       |       |       |       |     8 |       |     1 ||     9
         Iron Shot         |       |       |       |       |       |       |   107 |   122 ||   229
         Malign Gateway    |       |       |       |       |       |       |       |    22 ||    22
 Invoke: Recall Ancestor   |       |       |       |    13 |    28 |    35 |    54 |    30 ||   160
         Ancestor Life: Kn |       |       |       |     1 |       |       |       |       ||     1
         Idealise          |       |       |       |       |       |    15 |     9 |     5 ||    29
  Evoke: Wand              |       |       |       |     9 |     8 |    22 |    58 |     7 ||   104
         Phial of floods   |       |       |       |       |     2 |     1 |     4 |       ||     7
         Phantom mirror    |       |       |       |       |     1 |     2 |     4 |     1 ||     8
         Lightning rod     |       |       |       |       |       |       |     8 |       ||     8
         Tin of tremorston |       |       |       |       |       |       |     7 |     2 ||     9
         Condenser vane    |       |       |       |       |       |       |     3 |     2 ||     5
    Use: Scroll            |     1 |     8 |     6 |    11 |    14 |    11 |     5 |     2 ||    58
         Potion            |       |     1 |       |     2 |     4 |    18 |     6 |     4 ||    35
   Stab: Confused          |       |       |     2 |       |       |       |       |       ||     2
         Distracted        |       |       |       |     2 |     7 |     1 |       |     1 ||    11
         Invisible         |       |       |       |       |     2 |       |       |       ||     2
 Armour: Robe              |     3 |    10 |     4 |       |     1 |     6 |    36 |    31 ||    91
         Leather armour    |       |       |    37 |    42 |       |    26 |    20 |       ||   125
         Troll leather arm |       |       |       |    19 |    49 |       |       |       ||    68
         Swamp dragon scal |       |       |       |       |       |    49 |       |       ||    49
  Dodge: Dodged            |    16 |    34 |    62 |   135 |   214 |   196 |   124 |    74 ||   855
         Repelled          |       |       |       |       |       |       |    15 |     5 ||    20
  Block: Other             |       |     9 |    38 |    50 |    66 |     8 |       |       ||   171
         Reflection        |       |       |     5 |     1 |     7 |    26 |    23 |     9 ||    71
         Buckler           |       |       |       |       |       |   127 |    73 |    50 ||   250

Table legend: (Time is in decaauts)
 A = Elapsed time spent in this place.
 B = Non-inter-level travel time spent in this place.
 C = Inter-level travel time spent in this place.
 D = Time resting spent in this place.
 E = Time spent auto-exploring this place.
 F = Levels seen in this place.
 G = Mean time per level.
                   A        B        C        D        E       F      G
               +--------+--------+--------+--------+--------+-----+--------+
         Total |  88279 |  81113 |   7166 |  41056 |  26307 |  41 | 2153.1 |
       Dungeon |  25510 |  22443 |   3067 |   9487 |   8880 |  15 | 1700.7 |
        Temple |    241 |    204 |     37 |      0 |    189 |   1 |  241.0 |
          Lair |  12251 |  10636 |   1615 |   5095 |   3835 |   5 | 2450.2 |
         Swamp |   8409 |   8094 |    315 |   4781 |   1957 |   4 | 2102.2 |
     Snake Pit |   6000 |   5705 |    295 |   2253 |   2483 |   4 | 1500.0 |
  Orcish Mines |  10781 |   9870 |    911 |   7099 |   1437 |   2 | 5390.5 |
   Elven Halls |   4383 |   4192 |    191 |   2171 |   1358 |   2 | 2191.5 |
        Vaults |  13474 |  12888 |    586 |   6528 |   4043 |   4 | 3368.5 |
        Depths |   6996 |   6850 |    146 |   3641 |   1979 |   3 | 2332.0 |
        Bazaar |    229 |    229 |      0 |      0 |    146 |   1 |  229.0 |
               +--------+--------+--------+--------+--------+-----+--------+

Top non-repeatable levels by time:
   Orc:2: 8131 daAuts
Vaults:1: 4278 daAuts
     D:6: 3572 daAuts
Vaults:2: 3416 daAuts
Vaults:3: 3207 daAuts
  Lair:3: 3162 daAuts
Depths:2: 3072 daAuts
  Lair:2: 3064 daAuts
 Swamp:4: 2899 daAuts
Depths:1: 2856 daAuts
  Lair:1: 2815 daAuts
   Elf:2: 2812 daAuts
    D:11: 2785 daAuts
   Orc:1: 2649 daAuts
Vaults:4: 2572 daAuts
